 Dungeon Crawl Stone Soup version 0.17-a0-155-g14e20c2 (webtiles) character file.

51486 xeno23 the Geomancer (level 14, -13/122 HPs)
             Began as a Green Draconian Wizard on Mar 25, 2015.
             Was a High Priest of Vehumet.
             Mangled by an alligator simulacrum (30 damage)
             ... in an ice cave.
             The game lasted 04:03:08 (22429 turns).

xeno23 the Geomancer (Green Draconian Wizard)      Turns: 22429, Time: 04:03:08

Health: -13/122    AC: 17    Str: 10    XL:     14   Next: 23%
Magic:  5/32       EV: 20    Int: 26    God:    Vehumet [*****.]
Gold:   680        SH:  0    Dex: 13    Spells: 9 memorised, 5 levels left

rFire  . . .     SeeInvis .     Z - +7 trident of Ygif Nie {pierce, -Tele MR+++ Stlth+}
rCold  . . .     Clarity  .     (armour unavailable)
rNeg   + + .     SustAb   .     (no shield)
rPois  +         Gourm    .     b - +1 hat
rElec  +         Spirit   .     n - +1 cloak
rCorr  .         Warding  +     f - +1 pair of gloves
rMut   .         NoTele   +     (no boots)
MR     +++++                    z - brooch of Shielding {Ward rN+ AC+4 EV+4}
Stlth  +++.......               I - ring of Smotsiuh {+Fly rPois MR+}
                                E - ring of Waukuzuo {rElec rN+ Int+4 Dex+2 Slay-4}

@: short of breath, slowed, very slow, almost entirely resistant to hostile
enchantments, fairly stealthy
A: breathe noxious fumes, unfitting armour, stinger 1, poison resistance,
cold-blooded, AC +8
a: Breathe Noxious Fumes, Renounce Religion, Evoke Flight


You were in an ice cave.
You worshipped Vehumet.
Vehumet was extremely pleased with you.
You were hungry.

You visited 4 branches of the dungeon, and saw 22 of its levels.
You also visited: Ice Cave and Volcano.

You collected 2187 gold pieces.
You spent 1507 gold pieces at shops.

Inventory:

Hand weapons
 S - a +2 glaive of chopping
 Z - the +7 trident of Ygif Nie (weapon) {pierce, -Tele MR+++ Stlth+}
   (You found it on level 5 of the Lair of Beasts)

   It inflicts extra damage upon your enemies.
   It affects your resistance to hostile enchantments.
   It prevents most forms of teleportation.
   It makes you more stealthy.
Missiles
 k - 10 javelins (quivered)
 P - 3 throwing nets
Armour
 b - a +1 hat (worn)
 f - a +1 pair of gloves (worn)
 n - a +1 cloak (worn)
Magical staves
 g - an uncursed staff of power
 y - an uncursed staff of earth
Jewellery
 u - an uncursed amulet of regeneration
 z - the brooch of Shielding (around neck) {Ward rN+ AC+4 EV+4}
   (You bought it in a shop on level 4 of the Orcish Mines)

   [amulet of warding]

   It may prevent the melee attacks of summoned creatures.
   It affects your AC (+4).
   It affects your evasion (+4).
   It protects you from negative energy.
 B - an uncursed amulet of clarity
 E - the ring of Waukuzuo (left hand) {rElec rN+ Int+4 Dex+2 Slay-4}
   (You bought it in a shop on level 4 of the Orcish Mines)

   [ring of positive energy]

   It affects your intelligence (+4).
   It affects your dexterity (+2).
   It affects your accuracy and damage with ranged weapons and melee attacks
   (-4).
   It insulates you from electricity.
   It protects you from negative energy.
 I - the ring of Smotsiuh (right hand) {+Fly rPois MR+}
   (You took it off a kobold on level 5 of the Dungeon)

   [ring of flight]

   It protects you from poison.
   It affects your resistance to hostile enchantments.
   It lets you fly.
 M - an uncursed ring of protection from cold
Magical devices
 e - a wand of fireball (7)
 s - a wand of digging (6)
 H - a wand of invisibility (7)
 J - a wand of paralysis (15)
 K - a wand of digging (11)
 Q - a wand of enslavement (13)
Scrolls
 j - 6 scrolls of remove curse
 m - 6 scrolls of fog
 p - 4 scrolls of amnesia
 v - 2 scrolls of blinking
 A - 10 scrolls of teleportation
 D - a scroll of silence {unknown}
 F - 2 scrolls of magic mapping
 L - a scroll of fear
 R - a scroll of recharging
 V - a scroll of immolation
Potions
 a - 6 potions of might
 h - a potion of agility
 i - 4 potions of haste
 l - 2 potions of lignification
 q - 4 potions of restore abilities
 r - 9 potions of curing
 t - a potion of cancellation
 w - 2 potions of flight
 x - 2 potions of heal wounds
 C - a potion of ambrosia
 N - a potion of mutation
 X - a potion of resistance
 Y - a potion of berserk rage
Books
 T - a book of Callings

   Spells                             Type                      Level
   a - Summon Small Mammal            Summoning                    1
   b - Call Imp                       Summoning                    2
   c - Call Canine Familiar           Summoning                    3
   d - Summon Guardian Golem          Hexes/Summoning              3
   e - Summon Lightning Spire         Summoning/Air                4
   f - Summon Ice Beast               Ice/Summoning                4
Comestibles
 d - 12 bread rations
 o - 14 fruits
 G - 3 meat rations
 O - a slice of pizza
 U - 4 poisonous chunks of flesh


   Skills:
 + Level 10.4 Fighting
 - Level 6.0 Polearms
 + Level 7.7 Dodging
 - Level 1.9 Stealth
 - Level 0.2 Unarmed Combat
 * Level 10.7 Spellcasting
 + Level 9.9 Conjurations
 - Level 3.3 Summonings
 - Level 3.4 Translocations
 - Level 5.3 Fire Magic
 - Level 2.6 Air Magic
 * Level 12.0 Earth Magic
 - Level 5.3 Poison Magic


You had 5 spell levels left.
You knew the following spells:

 Your Spells              Type           Power        Failure   Level  Hunger
a - Magic Dart            Conj           ####         1%          1    None
b - Blink                 Tloc           N/A          1%          2    None
c - Call Imp              Summ           ####....     1%          2    None
d - Conjure Flame         Conj/Fire      ######..     1%          3    None
e - Mephitic Cloud        Conj/Pois/Air  #####...     1%          3    None
f - Lee's Rapid Deconstr  Erth           ######....   1%          5    ####...
q - Bolt of Magma         Conj/Fire/Erth ######....   1%          5    ####...
r - Repel Missiles        Chrm/Air       ###...       3%          2    None
w - Iron Shot             Conj/Erth      ######....   2%          6    #####..


Dungeon Overview and Level Annotations

Branches:
Dungeon (10/15)            Temple (1/1) D:5            Lair (7/8) D:10
  Swamp (0/5) Lair:3       Spider (0/5) Lair:5          Orc (4/4) D:9
    Elf (0/3) Orc:3
  Slime: Lair:6-8

Altars:
Ashenzari
Cheibriados
Dithmenos
Elyvilon
Fedhas
Gozag
Kikubaaqudgha
Makhleb
Nemelex Xobeh
Okawaru
Qazlal
Ru
Sif Muna
Trog
Vehumet
Xom
Yredelemnul
Zin
The Shining One
Beogh
Jiyva

Shops:
D:4 :   Orc:2 [   Orc:4 *[(=

Annotations:
Lair:4 Maud


Innate Abilities, Weirdness & Mutations

You can breathe blasts of noxious fumes.
Your lurid green scales are hard (AC +8).
Your body does not fit into most forms of armour.
Your tail ends in a poisonous barb.
Your system is resistant to poisons.
You are cold-blooded and may be slowed by cold attacks.


Message History

You hear a sizzling sound!
You are feeling hungry.
There is an ice covered gate leading back out of this place here.
Casting: Bolt of Magma
Confirm with . or Enter, or press ? or * to list all spells.
Aiming: Bolt of Magma
Press: ? - help, Shift-Dir - straight line, f - polar bear simulacrum
Aim: a polar bear simulacrum The bolt of magma hits the alligator simulacrum.
The alligator simulacrum melts!
The bolt of magma hits the polar bear simulacrum.
The polar bear simulacrum melts!
The polar bear simulacrum vapourises!
Vehumet accepts your kill.
You feel your power returning.
You hear a sizzling sound!
The alligator simulacrum bites you.
* * * LOW HITPOINT WARNING * * *
The alligator simulacrum freezes you!!
You feel yourself slow down.
You die...

#### ##..##
###....##
...##....@..#
#.......∩Z∩.#
##..........#
##..##....##
## ##..##
####


You could see an alligator simulacrum.

Vanquished Creatures
  An orc warlord (Orc:4)
  4 hydras
  Harold (Orc:3)
  9 death yaks
  4 orc high priests
  Erolcha (Orc:4)
  A lindwurm (Volcano)
  5 orc knights
  2 orc sorcerers
  3 griffons
  An oklob plant (Lair:4)
  A manticore (shapeshifter) (Orc:4)
  A cyclops (Orc:4)
  A toenail golem (Volcano)
  Joseph (Orc:1)
  2 molten gargoyles (Volcano)
  9 black mambas
  2 gargoyles
  8 spiny frogs
  4 komodo dragons
  5 trolls
  A two-headed ogre (D:9)
  4 fire drakes
  Prince Ribbit (D:4)
  A jumping spider (Lair:5)
  4 fire vortices (Volcano)
  11 blink frogs
  3 basilisks
  A spriggan (D:7)
  4 fire elementals (Volcano)
  15 yaks
  A wyvern (D:8)
  A deep elf mage (D:9)
  11 wolves
  8 wargs
  Grum (Orc:2)
  7 hippogriffs
  A death yak simulacrum (IceCv)
  30 orc warriors
  5 water moccasins
  8 porcupines
  An ice beast (D:9)
  A necrophage (D:9)
  10 ogres
  2 phantoms
  11 crocodiles
  3 centaurs
  Duvessa (D:7)
  13 giant frogs
  Blork the orc (D:5)
  A water moccasin zombie (D:5)
  3 scorpions
  An elephant simulacrum (IceCv)
  9 killer bees
  5 crimson imps
  3 goliath beetles
  Dowan (D:7)
  A giant frog skeleton (D:9)
  3 giant frog zombies
  25 orc priests
  5 hounds
  4 jellies (D:9)
  33 orc wizards
  9 iguanas
  9 worker ants
  A polar bear simulacrum (IceCv)
  5 hell rats (Lair:5)
  15 sheep
  8 gnolls (D:6)
  18 adders
  54 river rats
  4 shadow imps
  A giant mite (D:1)
  6 white imps
  2 worms
  An adder zombie (D:9)
  2 adder skeletons
  8 giant geckos
  3 oozes
  172 orcs
  3 bat skeletons
  25 hobgoblins
  2 jackals (D:1)
  21 kobolds
  15 quokkas
  A ball python (D:1)
  A ball python zombie (D:4)
  15 bats
  5 giant newts
  18 goblins
  4 orc zombies (Orc:2)
  A quokka skeleton (D:4)
  15 rats
  2 fungi
  A plant (Lair:1)
768 creatures vanquished.

Vanquished Creatures (collateral kills)
  2 blink frogs (Lair:7)
  A warg (Orc:4)
  An orc priest (D:4)
  An orc wizard (D:4)
  A white imp (Lair:7)
  3 orcs
  A goblin zombie (Orc:2)
10 creatures vanquished.

Vanquished Creatures (others)
  A killer bee (D:9)
  9 crimson imps
  An iron imp (D:4)
  A river rat (Lair:6)
  4 shadow imps
  6 white imps
  An orc (Orc:1)
  A hobgoblin (Orc:1)
  5 fungi
29 creatures vanquished.

Grand Total: 807 creatures vanquished

Notes
Turn   | Place    | Note
--------------------------------------------------------------
     0 | D:1      | xeno23, the Draconian Wizard, began the quest for the Orb.
     0 | D:1      | Reached XP level 1. HP: 14/14 MP: 4/4
   118 | D:1      | Reached XP level 2. HP: 10/20 MP: 1/6
   676 | D:2      | Reached XP level 3. HP: 22/26 MP: 8/8
   732 | D:2      | Found a shadowy altar of Dithmenos.
   896 | D:2      | Learned a level 2 spell: Blink
   899 | D:2      | Learned a level 2 spell: Call Imp
   903 | D:2      | Learned a level 3 spell: Conjure Flame
  1302 | D:2      | Reached XP level 4. HP: 34/34 MP: 10/10
  1424 | D:2      | Reached skill level 1 in Fighting
  1822 | D:2      | Reached skill level 1 in Fire Magic
  2018 | D:3      | Found a white marble altar of Elyvilon.
  2486 | D:3      | Reached XP level 5. HP: 40/40 MP: 12/12
  2571 | D:4      | Learned a level 3 spell: Mephitic Cloud
  2578 | D:4      | Found a shimmering altar of Xom.
  2898 | D:4      | Reached XP level 6. HP: 25/48 MP: 1/13
  2922 | D:4      | Got a scorched dagger
  2923 | D:4      | Identified the cursed +1 dagger "Maingula" {freeze, +Inv Int+2 Stlth-} (You found it on level 4 of the Dungeon)
  3016 | D:4      | Noticed Prince Ribbit
  3367 | D:4      | Found Preugg's Book Boutique.
  3447 | D:4      | Killed Prince Ribbit
  3447 | D:4      | Your scales start taking on a lurid green colour.
  3447 | D:4      | Gained mutation: Your system is resistant to poisons. [draconian maturity]
  3447 | D:4      | Reached XP level 7. HP: 40/56 MP: 10/15
  3548 | D:4      | Found a glowing golden altar of the Shining One.
  3827 | D:5      | Entered Level 5 of the Dungeon
  4115 | D:5      | Found a staircase to the Ecumenical Temple.
  4148 | Temple   | Entered the Ecumenical Temple
  4277 | Temple   | Became a worshipper of Vehumet
  4480 | D:5      | Reached skill level 1 in Poison Magic
  4495 | D:5      | Got a flickering jade ring
  4497 | D:5      | Identified the ring of Smotsiuh {+Fly rPois MR+} (You took it off a kobold on level 5 of the Dungeon)
  4524 | D:5      | Noticed a gargoyle
  4896 | D:6      | Reached skill level 4 in Spellcasting
  4922 | D:6      | Reached XP level 8. HP: 33/66 MP: 7/18
  5324 | D:6      | Acquired Vehumet's first power
  5324 | D:6      | Offered knowledge of Shock by Vehumet.
  5331 | D:6      | Learned a level 2 spell: Repel Missiles
  5362 | D:6      | Reached skill level 1 in Air Magic
  5820 | D:5      | Killed a gargoyle
  5855 | D:5      | Noticed Blork the orc
  5867 | D:5      | Killed Blork the orc
  6086 | D:7      | Reached XP level 9. HP: 42/72 MP: 20/20
  6171 | D:7      | Noticed Dowan
  6172 | D:7      | Noticed Duvessa
  6187 | D:7      | Killed Dowan
  6193 | D:7      | Killed Duvessa
  6288 | D:7      | Offered knowledge of Freeze by Vehumet.
  6371 | D:7      | Reached skill level 5 in Fighting
  6371 | D:7      | Reached skill level 5 in Spellcasting
  6615 | D:7      | Reached skill level 5 in Fire Magic
  6801 | D:8      | Found a blossoming altar of Fedhas.
  6875 | D:8      | Reached skill level 5 in Conjurations
  6954 | D:8      | Reached skill level 5 in Poison Magic
  7142 | D:8      | Offered knowledge of Stone Arrow by Vehumet.
  7472 | D:8      | Reached skill level 1 in Polearms
  7520 | D:8      | Found a shattered altar of Ashenzari.
  7547 | D:8      | Reached skill level 6 in Fighting
  7778 | D:9      | Found a staircase to the Orcish Mines.
  7802 | D:9      | Acquired Vehumet's second power
  7825 | D:9      | Reached XP level 10. HP: 71/83 MP: 20/23
  8076 | D:9      | Found a deep blue altar of Sif Muna.
  8338 | D:9      | Found a viscous altar of Jiyva.
  8388 | D:9      | Offered knowledge of Static Discharge by Vehumet.
  8729 | D:9      | Reached skill level 5 in Dodging
  9106 | D:9      | Learned a level 5 spell: Bolt of Magma
  9111 | Orc:1    | Entered Level 1 of the Orcish Mines
  9153 | Orc:1    | Reached skill level 1 in Earth Magic
  9241 | Orc:1    | Noticed Joseph
  9271 | Orc:1    | HP: 2/84 [Joseph/sling bullet (12)]
  9273 | Orc:1    | Killed Joseph
  9281 | Orc:1    | Acquired Vehumet's third power
  9440 | Orc:1    | Reached skill level 7 in Fighting
  9585 | Orc:1    | Offered knowledge of Sticky Flame by Vehumet.
  9869 | Orc:2    | Noticed an orc sorcerer
  9986 | Orc:2    | Noticed a sixfirhy
  9999 | Orc:1    | Killed an orc sorcerer
 10285 | Orc:3    | Found a staircase to the Elven Halls.
 10291 | Orc:3    | Offered knowledge of Bolt of Fire by Vehumet.
 10303 | Orc:2    | Found Eqiaf's Armour Boutique.
 10426 | Orc:2    | Noticed an orc knight
 10726 | Orc:2    | Reached XP level 11. HP: 92/92 MP: 23/26
 10735 | Orc:2    | Noticed an orc high priest
 10742 | Orc:2    | Noticed a sun demon
 10747 | Orc:2    | Killed an orc high priest
 10766 | Orc:2    | Found a roughly hewn altar of Beogh.
 10823 | Orc:2    | Noticed Grum
 10856 | Orc:2    | Killed Grum
 10992 | Orc:2    | Killed an orc knight
 11259 | Orc:1    | Noticed an orc knight
 11273 | Orc:2    | Reached skill level 5 in Polearms
 11376 | Orc:1    | Killed an orc knight
 11434 | Orc:3    | Noticed Harold
 11480 | Orc:3    | Killed Harold
 11480 | Orc:3    | Reached skill level 8 in Fighting
 11745 | Orc:3    | Offered knowledge of Ozocubu's Refrigeration by Vehumet.
 12180 | Orc:4    | Entered Level 4 of the Orcish Mines
 12180 | Orc:4    | Found Joploar's Jewellery Shoppe.
 12180 | Orc:4    | Noticed an orc high priest
 12212 | Orc:4    | Noticed an orc high priest
 12213 | Orc:4    | Noticed a sun demon
 12216 | Orc:4    | Noticed an orc high priest
 12353 | Orc:4    | Killed an orc high priest
 12562 | Orc:3    | Learned a level 6 spell: Iron Shot
 12679 | Orc:4    | Reached skill level 5 in Earth Magic
 12800 | Orc:4    | Found Qomados' Antique Armour Shop.
 12803 | Orc:4    | Killed an orc high priest
 12964 | Orc:4    | Reached XP level 12. HP: 50/103 MP: 7/28
 13043 | Orc:4    | Killed an orc high priest
 13166 | Orc:4    | Noticed Erolcha
 13183 | Orc:4    | Killed Erolcha
 13453 | Orc:4    | Found Yfiuk's General Store.
 13654 | Orc:4    | Reached skill level 9 in Earth Magic
 13823 | Orc:4    | Found Homa's Antique Weapon Boutique.
 13832 | Orc:4    | Noticed an orc warlord
 13872 | Orc:4    | Killed an orc warlord
 14158 | Orc:4    | Bought the brooch of Shielding {Ward rN+ AC+4 EV+4} for 945 gold pieces
 14158 | Orc:4    | Bought the ring of Waukuzuo {rElec rN+ Int+4 Dex+2 Slay-4} for 506 gold pieces
 14334 | Orc:4    | Bought a scroll of identify for 28 gold pieces
 14334 | Orc:4    | Bought a scroll of fog for 28 gold pieces
 14469 | D:10     | Entered Level 10 of the Dungeon
 14469 | D:10     | Found a staircase to the Lair.
 14734 | Lair:1   | Entered Level 1 of the Lair of Beasts
 15266 | Lair:1   | Offered knowledge of Lightning Bolt by Vehumet.
 15508 | Lair:1   | Reached skill level 10 in Earth Magic
 17330 | Lair:3   | Reached XP level 13. HP: 94/111 MP: 30/30
 17539 | Lair:3   | Noticed an eight-headed hydra
 17543 | Lair:3   | Killed an eight-headed hydra
 17819 | Lair:3   | Found a staircase to the Swamp.
 18752 | Lair:4   | Noticed Maud
 18977 | Lair:5   | Reached skill level 11 in Earth Magic
 19194 | Lair:5   | Found a dark tunnel.
 19201 | Volcano  | Entered a volcano
 20187 | Volcano  | Reached skill level 10 in Spellcasting
 20387 | Lair:5   | Found a hole to the Spider Nest.
 20467 | Lair:5   | Reached skill level 10 in Fighting
 20629 | Lair:5   | Got a crude trident
 20630 | Lair:5   | Identified the +7 trident of Ygif Nie {pierce, -Tele MR+++ Stlth+} (You found it on level 5 of the Lair of Beasts)
 21002 | Lair:6   | Offered knowledge of Lee's Rapid Deconstruction by Vehumet.
 21358 | Lair:6   | Learned a level 5 spell: Lee's Rapid Deconstruction
 21505 | Lair:6   | Gained mutation: Your tail ends in a poisonous barb. [draconian growth]
 21505 | Lair:6   | Reached XP level 14. HP: 121/121 MP: 23/32
 22236 | Lair:7   | Reached skill level 12 in Earth Magic
 22403 | Lair:7   | Found a frozen archway.
 22411 | IceCv    | Entered an ice cave
 22429 | IceCv    | Mangled by an alligator simulacrum

Action                   |  1- 3 |  4- 6 |  7- 9 | 10-12 | 13-15 || total
-------------------------+-------+-------+-------+-------+-------++-------
Melee: Unarmed           |    39 |       |       |       |       ||    39
       Dagger            |   106 |   234 |   180 |       |       ||   520
       Spear             |       |       |   445 |   217 |       ||   662
       Trident           |       |       |       |   474 |   374 ||   848
       Glaive            |       |       |       |   245 |       ||   245
       Staff             |       |       |       |    58 |     2 ||    60
       Halberd           |       |       |       |       |    56 ||    56
Throw: Javelin           |       |       |       |     4 |     2 ||     6
 Cast: Magic Dart        |    11 |    10 |    54 |   185 |    41 ||   301
       Conjure Flame     |     1 |     3 |    13 |    17 |     6 ||    40
       Call Imp          |       |    10 |     7 |    27 |     3 ||    47
       Blink             |       |     5 |       |     8 |     1 ||    14
       Mephitic Cloud    |       |     1 |     5 |    43 |     4 ||    53
       Repel Missiles    |       |       |     2 |     8 |       ||    10
       Bolt of Magma     |       |       |       |   104 |    33 ||   137
       Iron Shot         |       |       |       |    42 |    89 ||   131
       Lee's Rapid Decon |       |       |       |       |     2 ||     2
 Abil: Breathe Noxious F |       |       |     2 |    21 |     5 ||    28
       Evoke Flight      |       |       |       |       |     1 ||     1
  Use: Scroll            |       |     6 |    16 |     7 |     8 ||    37
       Potion            |       |       |       |     1 |     2 ||     3
 Stab: Sleeping          |       |     3 |     2 |     2 |     2 ||     9
       Confused          |       |     1 |     7 |    14 |       ||    22
       Distracted        |       |     1 |     1 |     1 |       ||     3
  Eat: Chunk             |     1 |     7 |    21 |    78 |    41 ||   148
       Beef jerky        |       |     1 |       |       |     6 ||     7
       Royal jelly       |       |       |       |     1 |       ||     1
       Pizza             |       |       |       |     1 |       ||     1
